 Dungeon Crawl Stone Soup version 0.29-a0-284-gf9362112df (webtiles) character file.

Game seed: 12079691963054389685

814 sammy202020 the Skirmisher (level 7, -8/70 HPs)
             Began as a Gargoyle Berserker on Mar 27, 2022.
             Was a Priest of Trog.
             Mangled by an ogre
             ... wielding a +0 giant club
              (16 damage)
             ... on level 5 of the Dungeon.
             The game lasted 00:07:54 (5777 turns).

sammy202020 the Skirmisher (Gargoyle Berserker)     Turns: 5777, Time: 00:07:55

Health: -8/70      AC: 17    Str: 21    XL:     7   Next: 93%
Magic:  7/7        EV:  8    Int:  9    God:    Trog [***...]
Gold:   275        SH:  0    Dex:  9    Spells: 6/6 levels left

rFire   . . .      SeeInvis .   n - +0 flail
rCold   + . .      Faith    .   (no shield)
rNeg    + . .      Spirit   .   b - +1 chain mail
rPois   ∞          Reflect  .   d - +0 helmet
rElec   +          Harm     .   (no cloak)
rCorr   .          Rampage  .   s - +0 pair of gloves
Will    ++...                   (no boots)
Stlth   ..........              (no amulet)
HPRegen 1.21/turn               l - ring of flight
MPRegen 0.10/turn               m - ring of protection from cold

@: berserking, strong-willed, flying, regenerating, very quick
A: sickness immunity, AC +4, negative energy resistance 1, electricity
resistance, torment resistance 1, petrification resistance
a: Renounce Religion, Berserk, Trog's Hand


You were on level 5 of the Dungeon.
You worshipped Trog.
Trog was most pleased with you.
You visited 1 branch of the dungeon, and saw 5 of its levels.

You collected 275 gold pieces.

Inventory:

Hand Weapons
 a - a +1 mace
 g - a +2 hand axe of freezing
 n - a +0 flail (weapon)
Missiles
 f - 5 silver javelins (quivered)
 o - 2 poisoned darts
 t - 2 curare-tipped darts
Armour
 b - a +1 chain mail (worn)
 d - a +0 helmet (worn)
 s - a +0 pair of gloves (worn)
Jewellery
 l - a ring of flight (left hand)
 m - a ring of protection from cold (right hand)
 u - a +6 ring of strength
 v - a +4 ring of evasion
Wands
 q - a wand of flame (20)
Scrolls
 i - 2 scrolls of enchant weapon
 r - a scroll of holy word
Potions
 c - 2 potions of heal wounds
 e - a potion of invisibility {unknown}
 h - 2 potions of brilliance
 j - 2 potions of resistance {unknown}
 k - a potion of curing {unknown}
 p - a potion of attraction {unknown}


   Skills:
 * Level 6.8 Fighting
 * Level 6.1 Maces & Flails
 + Level 4.6 Armour
 - Level 1.5 Dodging


You had 6 spell levels left.
You didn't know any spells.
Your spell library was empty.

Dungeon Overview and Level Annotations

Branches:
Dungeon (5/15)
 Temple: D:4-7

Altars:
Sif Muna
Beogh

Shops:
D:4 (


Innate Abilities, Weirdness & Mutations

You are immune to sickness and miasma.
Your stone body is resilient. (AC +4)
You are immune to poison.
You resist negative energy. (rN+)
You are resistant to electric shocks. (rElec)
You are resistant to unholy torment.
You are immune to petrification.


Message History

You barely miss the ogre.
The ogre is severely wounded.
The ogre hits you with a +0 giant club! The iguana closely misses you.
You are too injured to fight recklessly!
You are too injured to fight recklessly!
You are too injured to fight recklessly!
You are too injured to fight recklessly!
You are too injured to fight recklessly!
You are too injured to fight recklessly!
You are too injured to fight recklessly!
You are too injured to fight recklessly!
You are too injured to fight recklessly!
You are too injured to fight recklessly!
Unknown command.
Your skin crawls.
You feel strong-willed.
The acid dragon bites you but does no damage.
The acid dragon claws you but does no damage.
The iguana bites you but does no damage.
The ogre barely misses you.
A red film seems to cover your vision as you go berserk!
You feel yourself moving faster!
You feel mighty! The acid dragon barely misses you.
The acid dragon claws you but does no damage.
The iguana bites you.
You closely miss the acid dragon. The ogre hits you with a +0 giant club!
* * * LOW HITPOINT WARNING * * *
You hit the acid dragon.
The acid dragon is lightly wounded.
The acid dragon barely misses you.
The acid dragon claws you but does no damage.
The iguana bites you but does no damage.
You closely miss the acid dragon.
The acid dragon is lightly wounded.
The acid dragon bites you!
* * * LOW HITPOINT WARNING * * *
The acid dragon barely misses you.
The iguana bites you but does no damage.
The ogre hits you with a +0 giant club!
You die...

.. ... ... ... # ##.#
###.### .#
.....#⌠...⌠#..# .#.
8.8.#.....#..# ....#. ..
8...Jg⌠.....# . #....
#.8.8.#OlD..# .. #...
.....#⌠@..⌠# ..
..###.#####.#####.###....
........#.....#..........
......+.#..(..#.'....#...
......#...)?(...#....#
#####...#..(..#.######.
....#...#.....#........
....#...###.###........
....#..................


You could see an acid dragon, an ogre, a gnoll shaman, an iguana and a jelly.

Vanquished Creatures
  Sigmund (D:4)
  Menkaure (D:4)
  An ogre (D:5)
  A phantom (D:4)
  A jelly (D:3)
  3 orc priests
  An iguana (D:4)
  2 orc wizards
  Robin (D:4)
  4 adders
  A white imp (D:5)
  3 worms (D:2)
  4 dart slugs
  12 orcs
  9 bats
  7 endoplasms
  3 giant cockroaches
  11 goblins
  10 hobgoblins
  9 jackals (D:2)
  10 kobolds
  4 quokkas
  8 ball pythons
  3 frilled lizards
  5 rats
  A spectral goblin (D:1)
116 creatures vanquished.

Notes
Turn   | Place    | Note
-------+----------+-------------------------------------------
     0 | D:1      | sammy202020 the Gargoyle Berserker began the quest for the
                  | Orb.
     0 | D:1      | Reached XP level 1. HP: 14/14 MP: 1/1
   262 | D:1      | Reached XP level 2. HP: 14/19 MP: 2/2
   451 | D:1      | Found a faded altar of an unknown god.
   760 | D:1      | Reached XP level 3. HP: 24/24 MP: 3/3
   984 | D:2      | Reached ** piety under Trog
  1839 | D:2      | Reached XP level 4. HP: 25/29 MP: 4/4
  2532 | D:3      | Reached XP level 5. HP: 27/34 MP: 5/5
  2643 | D:3      | Reached *** piety under Trog
  2976 | D:3      | Reached skill level 5 in Fighting
  3409 | D:3      | Reached XP level 6. HP: 7/40 MP: 6/6
  3989 | D:4      | Noticed Sigmund
  4008 | D:4      | Killed Sigmund
  4009 | D:4      | Reached skill level 5 in Maces & Flails
  4032 | D:5      | Entered Level 5 of the Dungeon
  4350 | D:4      | Reached XP level 7. HP: 43/45 MP: 7/7
  4661 | D:4      | Found a shimmering blue altar of Sif Muna.
  4673 | D:4      | Noticed Menkaure
  4686 | D:4      | Killed Menkaure
  5120 | D:4      | Noticed Robin
  5140 | D:4      | Killed Robin
  5356 | D:4      | Found Pikitem's Weapon Emporium.
  5777 | D:5      | Mangled by an ogre

Illustrated notes

Levels and vault maps discovered:
D:1:      saegor_arrival_miasma, layout_rooms,
          dreamdust_ecumenical_altar_drowned_temple, minmay_misc_feat_tiny,
          hangedman_feature_mirror, minmay_misc_feat_room, serial_park_tiny_1
D:2:      layout_basic, grunt_ministairs_9
D:3:      layout_loops_ring, kennysheep_orc_chapel
D:4:      layout_gridville, nicolae_sif_muna_condensation, serial_shops,
          shop_statue, chequers_serial_rivers_micro_d, wad_floor_pattern_2,
          nicolae_underground_beach, uniq_robin, uniq_sigmund, uniq_menkaure
D:5:      layout_gridville, trog_book, kennysheep_mini_moat,
          minmay_chambers_of_fives

Skill      XL: |  1  2  3  4  5  6  7 |
---------------+----------------------+-----
Fighting       | 4 5 6 |  6.8
Armour         | 3 4 |  4.6
Maces & Flails | 4 5 6 |  6.1
Dodging        | |  1.5

Action                   |  1- 3 |  4- 6 |  7- 9 || total
-------------------------+-------+-------+-------++-------
Melee: Mace              |   107 |    91 |       ||   198
       Flail             |       |   125 |    83 ||   208
       Punch             |       |     2 |     1 ||     3
Invok: Berserk           |     2 |     3 |     3 ||     8
       Trog's Hand       |       |     3 |     2 ||     5
  Use: Scroll            |       |     3 |     4 ||     7
 Stab: Sleeping          |     1 |       |       ||     1
Armor: Animal skin       |     7 |       |       ||     7
       Ring mail         |     3 |       |       ||     3
       Chain mail        |    50 |   170 |    79 ||   299
Dodge: Dodged            |    67 |   108 |    59 ||   234

Table legend: (Time is in decaauts)
 A = Elapsed time spent in this place.
 B = Non-inter-level travel time spent in this place.
 C = Inter-level travel time spent in this place.
 D = Time resting spent in this place.
 E = Time spent auto-exploring this place.
 F = Levels seen in this place.
 G = Mean time per level.
                   A        B        C        D        E       F      G
               +--------+--------+--------+--------+--------+-----+--------+
         Total |   5929 |   5889 |     40 |    966 |   3834 |   5 | 1185.8 |
       Dungeon |   5929 |   5889 |     40 |    966 |   3834 |   5 | 1185.8 |
               +--------+--------+--------+--------+--------+-----+--------+

Top non-repeatable levels by time:
     D:3: 1609 daAuts
     D:2: 1493 daAuts
     D:4: 1395 daAuts
     D:1: 930 daAuts
     D:5: 500 daAuts
